Map: Korhal Carnage Knockout LE

Players

Nerchio - Winner!

  • Race: Zerg Zerg

Scarlett

  • Race: Zerg Zerg

Event: DreamHack Open Tours WCS Spring Championship

VOD

Have the link to the VOD?

Description

Time

  • Played on: May 15, 2016, 8:19 a.m.
  • Length: 8:11

All games in this series

Show
View Real Time Build Order
Export as new Build Order

Nerchio Zerg - Winner!

Build Orders: Pool First 

Get SALT Encoding   

  12  0:00  Drone  
  13  0:12  Overlord  
  13  0:17  Drone  
  14  0:30  Drone x2  
  14  0:34  Drone  
  17  0:45  Spawning Pool  
  17  0:48  Drone  
  17  1:08  Hatchery  
  16  1:11  Drone  
  16  1:15  Extractor  
  16  1:16  Drone  
  17  1:31  Queen  
  17  1:32  Zergling x2  
  20  1:33  Zergling x2  
  21  1:41  Drone  
  22  1:49  Overlord  
  22  2:07  Queen, Drone  
  25  2:10  Drone  
  26  2:26  Zergling x2  
  26  2:27  Spine Crawler, Zergling x2, Metabolic Boost  
  27  2:35  Zergling x4  
  29  2:42  Zergling x8  
  32  2:47  Zergling x2  
  31  2:55  Zergling x2  
  31  2:58  Zergling x2  
  31  3:03  Queen  
  31  3:07  Zergling x2  
  31  3:11  Zergling x4  
  31  3:19  Zergling x4  
  31  3:32  Roach Warren  
  29  3:42  Drone  
  29  3:43  Drone x2  
  29  3:47  Drone x2  
  32  3:51  Overlord  
  32  3:55  Drone  
  33  4:06  Drone  
  33  4:07  Drone x2  
  34  4:18  Roach x3  
  34  4:20  Roach  
  34  4:23  Roach  
  44  4:28  Overlord  
  44  4:34  Overlord  
  44  4:50  Drone x4  
  44  4:51  Lair  
  49  4:52  Drone  
  49  4:53  Extractor, Drone  
  49  4:55  Drone  
  49  5:00  Drone x2  
  49  5:02  Drone  
  49  5:06  Drone x2  
  52  5:09  Drone  
  52  5:11  Drone  
  54  5:24  Evolution Chamber  
  54  5:25  Extractor  
  53  5:28  Drone  
  53  5:31  Overlord  
  53  5:32  Drone  
  53  5:34  Drone, Hatchery  
  54  5:36  Drone  
  54  5:39  Drone x2  
  57  5:44  Overlord  
  57  5:48  Overlord  
  57  5:51  Zerg Missile Weapons Level 1  
  57  5:56  Glial Reconstitution  
  57  5:57  Roach  
  57  5:59  Roach  
  57  6:00  Overseer  
  57  6:03  Roach  
  63  6:06  Roach  
  63  6:08  Roach  
  63  6:10  Roach  
  69  6:13  Roach  
  71  6:18  Overlord  
  71  6:21  Roach x2  
  75  6:31  Drone x2  
  77  6:32  Extractor  
  77  6:33  Drone  
  77  6:34  Overlord, Drone x2  
  77  6:37  Roach  
  77  6:38  Roach  
  83  6:40  Roach  
  83  6:43  Roach  
  83  6:45  Roach  
  89  6:48  Ravager x3  
  89  6:49  Ravager  
  89  6:53  Roach  
  97  6:54  Roach  
  97  6:56  Roach  
  97  6:59  Roach  
  101  7:03  Overlord  
  101  7:04  Overlord  
  101  7:09  Roach x2  
  105  7:15  Overlord  
  105  7:16  Overlord  
  105  7:22  Roach x3  
  111  7:24  Roach  
  111  7:27  Roach  
  111  7:28  Roach  
  117  7:32  Roach  
  117  7:34  Roach  
  117  7:36  Roach  
  123  7:38  Roach  
  123  7:40  Roach  
  123  7:43  Overlord  
  127  7:46  Overlord  
  127  7:47  Overlord  
Show
View Real Time Build Order
Export as new Build Order

Scarlett Zerg 

Build Orders: Pool First 

Get SALT Encoding   

  12  0:00  Drone  
  13  0:10  Drone  
  14  0:14  Extractor  
  13  0:28  Spawning Pool  
  12  0:32  Drone  
  13  0:37  Drone  
  14  0:46  Overlord  
  14  0:55  Extractor  
  14  0:56  Drone  
  15  1:05  Drone  
  16  1:15  Metabolic Boost  
  16  1:19  Queen  
  16  1:23  Zergling x2  
  19  1:29  Zergling x2  
  20  1:35  Zergling x2  
  21  1:52  Hatchery  
  20  1:57  Overlord  
  20  2:01  Zergling x2  
  21  2:04  Zergling x2  
  22  2:16  Zergling x2  
  22  2:20  Queen  
  25  2:23  Zergling x2  
  25  2:27  Zergling x2  
  27  2:32  Zergling x2  
  27  2:33  Zergling x2  
  29  2:42  Overlord  
  29  2:44  Zergling x2  
  29  2:56  Zergling x2  
  29  3:05  Zergling x6  
  30  3:10  Zergling x2  
  29  3:20  Zergling x4  
  29  3:26  Drone x2  
  33  3:29  Drone x3  
  36  3:36  Drone  
  36  3:40  Drone  
  37  3:46  Drone x2  
  36  3:51  Drone  
  36  3:52  Baneling Nest  
  36  3:54  Zergling x2  
  36  3:58  Zergling x2  
  36  4:05  Zergling x2  
  36  4:06  Zergling x4  
  37  4:17  Drone x4  
  37  4:23  Drone x2  
  43  4:28  Overlord  
  43  4:37  Baneling  
  43  4:38  Baneling x5  
  43  4:42  Baneling  
  43  4:44  Overlord  
  43  4:50  Roach Warren  
  43  4:52  Drone  
  43  4:53  Drone  
  44  5:02  Drone x2  
  45  5:10  Drone  
  45  5:11  Drone x5  
  51  5:17  Drone  
  51  5:18  Drone x2  
  54  5:24  Drone x3  
  57  5:29  Drone  
  57  5:34  Drone  
  57  5:35  Extractor  
  58  5:42  Overlord  
  58  5:45  Drone  
  58  5:47  Hatchery  
  58  5:52  Overlord x3  
  58  6:02  Roach x3  
  66  6:04  Roach  
  66  6:07  Overlord  
  66  6:10  Spine Crawler  
  65  6:12  Extractor  
  65  6:13  Roach  
  65  6:15  Roach  
  68  6:21  Roach  
  68  6:25  Roach  
  72  6:30  Roach x2  
  76  6:36  Roach x2  
  76  6:39  Roach  
  82  6:41  Overlord  
  82  6:43  Roach, Zergling x2  
  85  6:50  Roach x3  
  91  7:01  Roach x3  
  97  7:02  Zergling x4  
  98  7:14  Overlord x2, Ravager x2  
  98  7:15  Zergling x8  
  104  7:18  Queen  
  104  7:20  Ravager, Zergling x2  
  104  7:22  Zergling x2  
  109  7:25  Zergling x2  
  109  7:29  Ravager  
  111  7:31  Overlord  
  111  7:39  Zergling x10  
  111  7:40  Ravager  
  111  7:43  Zergling x2  
  118  7:46  Ravager  
  118  7:47  Zergling x4  
  118  7:51  Zergling x6  

Tags
 
Add a new tag
Caveats
  • Supply blocks, unpowered buildings, or Contaminate may cause inaccurate times.
  • Supply counts are checked every 10 seconds.